 Seeded DCSS version 0.30-a0-857-gcaf7073 (webtiles) character file.

Game seed: 3348077355291466336 (custom seed)

4078 edsrzf the Grappler (level 10, -13/81 HPs)
             Began as a Troll Air Elementalist on Mar 5, 2023.
             Was an Elder of Cheibriados.
             Shot with a bolt by an orc warrior (20 damage)
             ... in a bailey.
             The game lasted 00:24:19 (5874 turns).

edsrzf the Grappler (Troll Air Elementalist)        Turns: 5874, Time: 00:24:19

Health: -13/81     AC:  6    Str: 29    XL:     10   Next: 5%
Magic:  13/13      EV: 10    Int: 22    God:    Cheibriados [****..]
Gold:   283        SH:  0    Dex: 19    Spells: 13/15 levels left

rFire   + . .      SeeInvis .      - Unarmed
rCold   . . .      Faith    .    (no shield)
rNeg    . . .      Spirit   .    h - +1 robe {rF+}
rPois   +          Reflect  .    (helmet restricted)
rElec   .          Rampage  .    A - +0 cloak
rCorr   .                        (gloves unavailable)
Will    .....                    (boots unavailable)
Stlth   ++                       (no amulet)
HPRegen 1.13/turn                i - ring of poison resistance
MPRegen 0.13/turn                (no ring)

@: very slow
A: large, unfitting armour, claws 3, regeneration 1, shaggy fur 1, tough skin 1
a: Renounce Religion, Bend Time, Temporal Distortion, Slouch


You were in a bailey.
You worshipped Cheibriados.
Cheibriados was greatly pleased with you.
You visited 2 branches of the dungeon, and saw 9 of its levels.
You also visited: Bailey.

You collected 481 gold pieces.
You spent 198 gold pieces at shops.

Inventory:

Missiles
 a - 2 curare-tipped darts
 e - 14 poisoned darts
 m - 5 atropa-tipped darts
 C - 7 throwing nets {=f}
Armour
 h - a +1 robe of fire resistance (worn)
 A - a +0 cloak (worn)
Jewellery
 i - a ring of poison resistance (left claw)
Wands
 d - a wand of flame (19)
Scrolls
 f - 3 scrolls of amnesia
 g - 2 scrolls of poison
 l - a scroll of blinking {unknown}
 q - 2 scrolls of enchant armour {unknown}
 t - a scroll of enchant weapon {unknown}
 u - a scroll of fog {unknown}
 v - a scroll of acquirement {unknown}
 w - a scroll of teleportation {unknown}
 x - a scroll of fear {unknown}
 y - a scroll of torment {unknown}
 B - a scroll of identify {@r1}
Potions
 b - 2 potions of magic
 j - 2 potions of brilliance
 k - 2 potions of ambrosia
 n - 6 potions of curing
 o - a potion of might
 p - 3 potions of mutation
 r - a potion of flight
 s - a potion of lignification
 z - a potion of resistance


   Skills:
 - Level 1.5 Dodging
 - Level 1.0 Stealth
 - Level 12.5 Unarmed Combat
 + Level 3.2 Spellcasting
 - Level 1.5 Conjurations
 + Level 3.4 Transmutations
 - Level 2.0 Air Magic


You had 13 spell levels left.
You knew the following spells:

 Your Spells              Type           Power      Damage    Failure   Level
a - Beastly Appendage     Tmut           36%        N/A       3%          1
x - Shock                 Conj/Air       44%        1d5       6%          1

Your spell library contained the following spells:

 Spells                   Type           Power      Damage    Failure   Level
 Wereblood                Tmut           18%        N/A       4%          2
 Static Discharge         Conj/Air       22%        2-3/arc   9%          2
 Swiftness                Air            12%        N/A       16%         3
 Spider Form              Tmut/Pois      11%        N/A       19%         3
 Airstrike                Air            6%         2d(1-17)  47%         4


Dungeon Overview and Level Annotations

Branches:
Dungeon (8/15)             Temple (1/1) D:4          Bailey (1/1)
   Lair: D:8-11

Altars:
Ashenzari
Cheibriados
Dithmenos
Elyvilon
Fedhas
Hepliaklqana
Kikubaaqudgha
Makhleb
Nemelex Xobeh
Qazlal
Ru
Sif Muna
Trog
Uskayaw
Xom
Zin
The Shining One

Shops:
D:1 =   D:7 *   D:8 [


Innate Abilities, Weirdness & Mutations

You are too large for most types of armour.
You have claws for hands.
Your natural rate of healing is unusually fast.
You are covered in fur. (AC +1)
You have tough skin. (AC +1)


Message History

The white imp hits you but does no damage.
You claw the white imp!
You kill the white imp!
Cheibriados thoroughly appreciates the change of pace. 2 goblins come into view.
You hear the creaking of a portcullis.
The goblin shouts! x2
A goblin comes into view. It is wielding a +0 spear.
The goblin completely misses you.
A goblin comes into view. It is wielding a +0 spear.
The goblin moves out of view.
The goblin shouts!
Press: ? - help, v - describe, . - travel
Here: a goblin, wielding a +0 spear The floor.
The goblin shouts!
The goblin hits you but does no damage. x2
You enter the shallow water.
Found a flagged portal.
The shadow imp shouts, "Flounder, thou worthless idle-headed mule!"
The goblin barely misses you.
The goblin splashes around in the water.
The goblin hits you but does no damage. The goblin hits you with a +0 spear. x2
You scratch the goblin.
The goblin is heavily wounded.
The goblin closely misses you. The goblin barely misses you.
You mangle the goblin!!
You kill the goblin!
Cheibriados appreciates the change of pace.
You can now inflict damage on those overly hasty.
Cheibriados raises the support of your attributes as your movement slows.
The goblin splashes around in the water.
The goblin hits you with a +0 spear.
You closely miss the goblin. The goblin hits you but does no damage.
The goblin closely misses you.
You claw the goblin!
You kill the goblin!
Cheibriados appreciates the change of pace.
The goblin hits you with a +0 spear. The goblin hits you but does no damage.
The goblin closely misses you. The goblin completely misses you.
The goblin barely misses you. The goblin hits you but does no damage.
Things that are here:
a +0 spear; a +0 spear The shadow imp attacks as you move away!
The shadow imp hits you but does no damage.
The goblin attacks as you move away! The goblin closely misses you.
The goblin barely misses you.
There is a flagged portal here.
The shadow imp hits you. The goblin barely misses you.
The world spins around you as you enter the gateway.
You enter a bailey!
Found a gate leading back out of this place.
There is an empty arch of ancient stone here.
You start resting.
HP restored.
An orc warrior comes into view. It is wielding a +0 arbalest.
The orc warrior shouts!
You hear a shout!
An orc comes into view. It is wielding a +0 arbalest.
The orc shouts!
An orc comes into view. It is wielding a +0 arbalest.
Found a gate leading back out of this place.
The orc moves out of view.
Press: ? - help, v - describe, . - travel
Here: an orc warrior, wielding a +0 arbalest and wearing a +0 scale mail Some shallow water.
Aiming: Throw Flame
Press: ? - help, Shift-Dir - straight line, f - orc warrior
Aim: an orc warrior, wielding a +0 arbalest and wearing a +0 scale mail (60% to hit)
The puff of flame misses the orc warrior.
The orc warrior shoots a bolt.
The bolt hits you!!
The orc warrior is engulfed in a cloud of scalding steam.
The orc warrior shoots a bolt.
The bolt hits you!
Aiming: Throw Flame
Press: ? - help, Shift-Dir - straight line, f/p - orc warrior
Aim: an orc warrior, wielding a +0 arbalest and wearing a +0 scale mail (steam, moderately wounded, 60% to hit)
Okay, then.
The orc warrior is engulfed in a cloud of scalding steam.
The orc warrior shoots a bolt.
The bolt closely misses you.
Aiming: Throw Flame
Press: ? - help, Shift-Dir - straight line, f/p - orc warrior
Aim: an orc warrior, wielding a +0 arbalest and wearing a +0 scale mail (steam, moderately wounded, 60% to hit)
Cheibriados appreciates the change of pace.
You feel a bit more experienced.
The orc warrior is engulfed in a cloud of scalding steam.
The orc warrior shoots a bolt.
The bolt hits you!!
The orc warrior shoots a bolt.
The bolt hits you!
You enter the shallow water.
Found a +0 arbalest.
The orc warrior shoots a bolt.
The bolt hits you.
* * * LOW HITPOINT WARNING * * *
The orc warrior shoots a bolt.
The bolt hits you.
* * * LOW HITPOINT WARNING * * *
The orc shoots a bolt.
The bolt hits you but does no damage.
Okay, then.
Press: ? - help, v - describe, . - travel
Here: an orc warrior, wielding a +0 arbalest and wearing a +0 scale mail (heavily wounded) Some shallow water.
The orc warrior shoots a bolt.
The bolt hits you!
* * * LOW HITPOINT WARNING * * *
The orc shoots a bolt.
The bolt closely misses you.
The orc warrior shoots a bolt.
The bolt hits you!!
You die...

#.....~~~~~~~
#.....~~~~~~~#
#.....~~~~~~~#
#.....~~~~~~~#
#.....~~~~~~~#
#.....~~~~~~~~
#.....~~~~~~~~
#....@~~o~~~~~
#.....~≈≈o≈≈≈~
#.....≈≈#)##≈~
#.....≈##o∩#≈
#.....≈#....~
#.....≈##.##≈
#.....≈≈###≈
#.....~≈≈≈≈≈
#............


You could see an orc warrior and an orc.

Vanquished Creatures
  A two-headed ogre (D:8)
  Pikel (D:6)
  2 water moccasins
  3 sky beasts
  2 orc warriors
  An ice beast (D:8)
  A black bear (D:7)
  2 ogres
  A wolf (D:7)
  3 phantoms
  A gnoll sergeant (D:7)
  2 bullfrogs
  2 scorpions (D:6)
  A hornet simulacrum (D:8)
  4 wights (D:7)
  An electric eel (D:8)
  3 howler monkeys (D:8)
  6 hounds
  4 jellies
  Crazy Yiuf (D:2)
  3 gnoll boudas (D:7)
  A sleepcap (D:6)
  6 iguanas
  2 orc wizards
  14 gnolls
  4 adders
  3 shadow imps
  7 white imps
  A howler monkey simulacrum (D:8)
  3 ufetubi
  A worm (D:2)
  2 dart slugs (D:3)
  12 orcs
  4 ball pythons
  5 bats
  6 endoplasms
  3 giant cockroaches
  6 hobgoblins
  13 jackals
  6 quokkas
  2 frilled lizards (D:2)
  8 goblins
  5 kobolds
  6 rats
165 creatures vanquished.

Vanquished Creatures (others)
  3 fungi (D:2)
3 creatures vanquished.

Grand Total: 168 creatures vanquished

Notes
Turn   | Place    | Note
-------+----------+-------------------------------------------
     0 | D:1      | edsrzf the Troll Air Elementalist began the quest for the
                  | Orb.
     0 | D:1      | Reached XP level 1. HP: 16/16 MP: 1/1
    32 | D:1      | Reached skill level 1 in Conjurations
    92 | D:1      | Found Foelain's Jewellery Boutique.
   137 | D:1      | Reached XP level 2. HP: 24/24 MP: 0/2
   416 | D:1      | Reached skill level 1 in Unarmed Combat
   682 | D:1      | Reached XP level 3. HP: 31/31 MP: 3/3
   970 | D:2      | Reached skill level 2 in Unarmed Combat
  1390 | D:2      | Found a runed translucent door.
  1391 | D:2      | Noticed Crazy Yiuf
  1394 | D:2      | Identified 4 scrolls of identify
  1394 | D:2      | Identified a potion of heal wounds
  1395 | D:2      | Identified a potion of brilliance
  1396 | D:2      | Identified 2 potions of ambrosia
  1397 | D:2      | Identified 2 scrolls of magic mapping
  1398 | D:2      | Identified 2 scrolls of amnesia
  1399 | D:2      | Identified 2 scrolls of poison
  1483 | D:3      | Reached skill level 3 in Unarmed Combat
  1490 | D:3      | Found a bloodstained altar of Trog.
  1565 | D:3      | Reached XP level 4. HP: 39/39 MP: 4/4
  2352 | D:4      | Found a staircase to the Ecumenical Temple.
  2362 | Temple   | Entered the Ecumenical Temple
  2686 | Temple   | Became a worshipper of Cheibriados the Contemplative
  2892 | D:4      | Found a glowing silver altar of Zin.
  2984 | D:5      | Entered Level 5 of the Dungeon
  2998 | D:5      | Reached skill level 4 in Unarmed Combat
  3032 | D:5      | Reached XP level 5. HP: 34/45 MP: 5/5
  3119 | D:5      | Identified 3 potions of curing
  3120 | D:5      | Identified a potion of might
  3250 | D:5      | Identified 3 potions of mutation
  3275 | D:5      | Reached skill level 5 in Unarmed Combat
  3286 | D:5      | Found a stormy altar of Qazlal.
  3543 | D:6      | Reached XP level 6. HP: 53/53 MP: 6/6
  3545 | D:6      | Noticed Pikel
  3577 | D:6      | HP: 1/53 [Pikel/+0 whip of flaming (5)]
  3592 | D:6      | Killed Pikel
  3593 | D:6      | Reached skill level 7 in Unarmed Combat
  3593 | D:6      | Reached XP level 7. HP: 21/59 MP: 0/7
  3683 | D:6      | Reached skill level 8 in Unarmed Combat
  3701 | D:6      | Identified 2 potions of lignification
  3779 | D:6      | Reached * piety under Cheibriados
  3809 | D:6      | Reached XP level 8. HP: 53/67 MP: 8/8
  3833 | D:6      | Identified a potion of flight
  3882 | D:6      | Reached skill level 9 in Unarmed Combat
  3963 | D:6      | Found a glowing golden altar of the Shining One.
  4204 | D:6      | Reached skill level 10 in Unarmed Combat
  4445 | D:6      | Identified a potion of resistance
  4616 | D:2      | Killed Crazy Yiuf
  4810 | D:7      | Reached ** piety under Cheibriados
  4985 | D:7      | Reached skill level 11 in Unarmed Combat
  5029 | D:7      | Reached XP level 9. HP: 51/74 MP: 9/9
  5076 | D:7      | Reached skill level 12 in Unarmed Combat
  5259 | D:7      | Reached *** piety under Cheibriados
  5324 | D:7      | Found Ujemess's General Store.
  5333 | D:7      | Bought a book of Changes for 198 gold pieces
  5335 | D:7      | Learned a level 1 spell: Beastly Appendage
  5638 | D:8      | Noticed a two-headed ogre
  5649 | D:7      | Reached skill level 1 in Transmutations
  5695 | D:8      | Killed a two-headed ogre
  5696 | D:8      | Reached skill level 2 in Spellcasting
  5696 | D:8      | Reached skill level 2 in Transmutations
  5713 | D:8      | Reached skill level 3 in Transmutations
  5721 | D:8      | Reached skill level 3 in Spellcasting
  5768 | D:8      | Reached XP level 10. HP: 56/81 MP: 11/13
  5785 | D:8      | Found Kiuhem's Armour Emporium.
  5847 | D:8      | Found a flagged portal.
  5849 | D:8      | Reached **** piety under Cheibriados
  5856 | Bailey   | Entered a bailey
  5874 | Bailey   | Shot with a bolt by an orc warrior

Illustrated notes

Levels and vault maps discovered:
D:1:      psy_arrival_radial02, layout_basic, serial_shops, shop,
          corner_web_ring, kennysheep_nondescript
D:2:      layout_rooms, uniq_crazy_yiuf_cottage
D:3:      layout_basic, trog_three_pillars_becter
D:4:      layout_basic, zin_treasury, minmay_temple_entry_mini_moons
D:5:      cheibrodos_helix_gallery, layout_gridville, grunt_qazlal_clouds
D:6:      layout_basic, tso_altar, uniq_pikel
D:7:      layout_cave_pods, serial_gnoll_camp, gnoll_camp_medium_02,
          gnoll_camp_mini_hut, gnoll_camp_mini_shop, gnoll_camp_mini_basic,
          hangedman_decor_growths
D:8:      layout_cave_pools, lemuel_tele_altar, serial_ice, serial_ice_b,
          serial_ice_e, serial_ice_f, serial_ice_n, serial_ice_l, serial_ice_c,
          serial_shops, kennysheep_little_box, enter_bailey_3,
          hangedman_decor_points
Temple:   oiseaux_autumnal_temple
Bailey:   bailey_polearm_2, bailey

Skill      XL: |  1  2  3  4  5  6  7  8  9 |
---------------+----------------------------+-----
Conjurations   | 1 |  1.5
Unarmed Combat | 1 3 4 5 7 8 11 12 | 12.5
Transmutations | 3 |  3.4
Spellcasting   | 3 |  3.2
Dodging        | |  1.5
Stealth        | |  1.0
Air Magic      | |  2.0

Action                     |  1- 3 |  4- 6 |  7- 9 | 10-12 || total
---------------------------+-------+-------+-------+-------++-------
  Melee: Unarmed           |   130 |   102 |   227 |    14 ||   473
         Punch             |     1 |       |    21 |       ||    22
         Kick              |       |       |     4 |       ||     4
         Headbutt          |       |       |     2 |     1 ||     3
  Throw: Dart              |       |     8 |    10 |       ||    18
   Cast: Shock             |    10 |     5 |     4 |       ||    19
         Beastly Appendage |       |       |     2 |     1 ||     3
  Evoke: Wand              |       |       |       |     3 ||     3
    Use: Scroll            |     6 |     4 |     4 |       ||    14
         Potion            |       |     2 |     2 |       ||     4
   Stab: Sleeping          |     1 |     3 |     1 |       ||     5
         Distracted        |       |       |       |     1 ||     1
 Armour: Robe              |    51 |    29 |    63 |    10 ||   153
         Skin              |       |       |    21 |       ||    21
  Dodge: Dodged            |    45 |    35 |   113 |    17 ||   210

Table legend: (Time is in decaauts)
 A = Elapsed time spent in this place.
 B = Non-inter-level travel time spent in this place.
 C = Inter-level travel time spent in this place.
 D = Time resting spent in this place.
 E = Time spent auto-exploring this place.
 F = Levels seen in this place.
 G = Mean time per level.
                   A        B        C        D        E       F      G
               +--------+--------+--------+--------+--------+-----+--------+
         Total |   6825 |   6121 |    704 |    136 |   4473 |  10 |  682.5 |
       Dungeon |   6440 |   5814 |    626 |    134 |   4206 |   8 |  805.0 |
        Temple |    358 |    280 |     78 |      0 |    267 |   1 |  358.0 |
        Bailey |     25 |     25 |      0 |      2 |      0 |   1 |   25.0 |
               +--------+--------+--------+--------+--------+-----+--------+

Top non-repeatable levels by time:
     D:7: 1367 daAuts
     D:6: 1228 daAuts
     D:1: 901 daAuts
     D:3: 774 daAuts
     D:5: 728 daAuts
     D:2: 660 daAuts
     D:4: 556 daAuts
  Temple: 358 daAuts
     D:8: 224 daAuts
  Bailey: 25 daAuts
